 Dungeon Sprint DCSS version 0.30.1-11-g7821555f0a (webtiles) character file.

Game seed: 14389739391887688258

73162 Groucho the Severer (level 15, -1/158 HPs)
             Began as a Naga Warper on Dec 16, 2023.
             Was a High Priest of Cheibriados.
             Slain by an alligator snapping turtle (36 damage)
             ... in the Dungeon (Sprint VII: "The Pits").
             The game lasted 00:43:23 (10455 turns).

Groucho the Severer (Naga Warper)                  Turns: 10455, Time: 00:43:23

Health: -1/158     AC: 23    Str: 26    XL:     15   Next: 42%
Magic:  8/34       EV: 20    Int: 38    God:    Cheibriados [*****.]
Gold:   45         SH: 22    Dex: 28    Spells: 17/44 levels left

rFire   . . .        a - +3 war axe (elec)
rCold   . . .        K - +2 tower shield
rNeg    . . .        b - +2 swamp dragon scales
rPois   +            P - +1 helmet {Int+3}
rElec   .            w - +1 cloak
rCorr   .            v - +1 pair of gloves
SInv    +            (no barding)
Will    +....        (no amulet)
Stlth   ++           D - ring of Tempters {Fly Dex+2 Slay+3}
HPRegen 0.46/turn    s - +3 ring of intelligence
MPRegen 0.24/turn

%: no teleportation
@: lethally poisoned (-1 -> -4), flying, studying 2 skills, very slow
A: AC +5, large, see invisible, deformed body, poison resistance, slowness 2,
spit poison 1, naga tail 2
a: Spit Poison, Renounce Religion, Bend Time, Temporal Distortion, Slouch, Step
From Time


You were in the Dungeon.
You worshipped Cheibriados.
Cheibriados was extremely pleased with you.
You visited 1 branch You collected 45 gold pieces.

Inventory:

Hand Weapons
 a - a +3 war axe of electrocution (weapon)
 o - a +3 demon whip of venom
 M - a +2 arbalest of freezing
Missiles
 d - 4 boomerangs of dispersal (quivered)
Armour
 b - +2 swamp dragon scales (worn)
 v - a +1 pair of gloves (worn)
 w - a +1 cloak (worn)
 y - a +4 scale mail
 I - +2 gold dragon scales
 K - a +2 tower shield (worn)
 P - a +1 helmet of intelligence (worn)
Jewellery
 n - the ring of Foank {rN+ Dex+2}
   (You found it in the Dungeon)

   [ring of positive energy]

   Dex:       It affects your dexterity (+2).
   rN:        It protects you from negative energy.
 p - the ring of the Lily {Str+6 Slay+5}
   (You found it in the Dungeon)

   [ring of slaying]

   Str:       It affects your strength (+6).
   Slay:      It affects your accuracy & damage with ranged weapons and melee
   (+5).
 r - a +5 ring of evasion
 s - a +3 ring of intelligence (right hand)
 x - the ring of the Prince of Darkness {Fire Int+3 Dex+2}
   (You found it in the Dungeon)

   [ring of fire]

   It enhances your fire magic.
   Int:       It affects your intelligence (+3).
   Dex:       It affects your dexterity (+2).
   rF:        It protects you from fire.
   rC:        It makes you vulnerable to cold.
 D - the ring of Tempters (left hand) {Fly Dex+2 Slay+3}
   (You found it in the Dungeon)

   [ring of flight]

   Dex:       It affects your dexterity (+2).
   Slay:      It affects your accuracy & damage with ranged weapons and melee
   (+3).
   Fly:       It grants you flight.
 H - the ring of Disaster {rPois EV+6}
   (You found it in the Dungeon)

   [ring of evasion]

   EV:        It affects your evasion (+6).
   rPois:     It protects you from poison.
 Q - the ring of Idealism {rC+ EV+6}
   (You found it in the Dungeon)

   [ring of evasion]

   EV:        It affects your evasion (+6).
   rC:        It protects you from cold.
 R - the ring "Mioduvokk" {+Blink AC+6 Dex+4}
   (You found it in the Dungeon)

   [ring of protection]

   AC:        It affects your AC (+6).
   Dex:       It affects your dexterity (+4).
   +Blink:    It lets you blink.
 S - the ring of Pusocuc {rPois rN+}
   (You found it in the Dungeon)

   [ring of positive energy]

   rPois:     It protects you from poison.
   rN:        It protects you from negative energy.
 T - the ring of Mysoko {rF+ Dex+4}
   (You found it in the Dungeon)

   [ring of protection from fire]

   Dex:       It affects your dexterity (+4).
   rF:        It protects you from fire.
 U - the ring "Vonaagam" {rC++ rN+}
   (You found it in the Dungeon)

   [ring of positive energy]

   rC:        It greatly protects you from cold.
   rN:        It protects you from negative energy.
 V - the ring "Ofipuch" {Drain rPois rF+ rC+ Slay+5}
   (You found it in the Dungeon)

   [ring of slaying]

   Slay:      It affects your accuracy & damage with ranged weapons and melee
   (+5).
   rF:        It protects you from fire.
   rC:        It protects you from cold.
   rPois:     It protects you from poison.
   Drain:     It drains your maximum health when unequipped.
 W - the amulet of Vampiric Thralls {RegenMP rC+ Slay+2}
   (You found it in the Dungeon)

   [amulet of magic regeneration]

   It increases your rate of magic regeneration.
   Slay:      It affects your accuracy & damage with ranged weapons and melee
   (+2).
   rC:        It protects you from cold.
 X - the ring of Enoluddy {rC+++ Int+2 SInv Stlth-}
   (You found it in the Dungeon)

   [ring of see invisible]

   Int:       It affects your intelligence (+2).
   rC:        It renders you almost immune to cold.
   SInv:      It lets you see invisible.
   Stlth:     It makes you less stealthy.
 Z - the ring "Macizat" {Will+ rCorr Str-3 Int+3 Dex+3}
   (You found it in the Dungeon)

   [ring of willpower]

   Str:       It affects your strength (-3).
   Int:       It affects your intelligence (+3).
   Dex:       It affects your dexterity (+3).
   rCorr:     It protects you from acid and corrosion.
   Will:      It increases your willpower.
Wands
 q - a wand of quicksilver (11)
 E - a wand of iceblast (12)
 G - a wand of mindburst (8)
Scrolls
 c - a scroll of blinking
 e - 3 scrolls of fog
 k - 5 scrolls of amnesia
 l - a scroll of summoning
 m - 3 scrolls of vulnerability
 z - 3 scrolls of identify
 A - a scroll of fear
 B - 2 scrolls of enchant weapon
 C - 2 scrolls of enchant armour
 F - a scroll of acquirement
Potions
 f - 9 potions of curing
 g - 6 potions of haste
 h - 6 potions of magic
 i - 4 potions of berserk rage
 j - 2 potions of invisibility
 t - 7 potions of brilliance
 u - 5 potions of mutation
 J - 3 potions of heal wounds


   Skills:
 + Level 16.6 Fighting
 - Level 18.0 Axes
 + Level 10.5 Ranged Weapons
 - Level 0.8 Throwing
 + Level 14.5 Armour
 + Level 14.5 Dodging
 * Level 11.1 Shields
 - Level 15.0 Spellcasting
 + Level 13.0 Translocations
 - Level 5.0 Air Magic
 + Level 6.4 Earth Magic
 - Level 14.0 Invocations


You had 17 spell levels left.
You knew the following spells:

 Your Spells              Type           Power      Damage    Failure   Level
a - Blink                 Tloc           100%       N/A       1%          2
b - Lesser Beckoning      Tloc           100%       N/A       1%          2
c - Teleport Other        Tloc           91%        N/A       1%          3
d - Vhi's Electric Charg  Tloc/Air       100%       N/A       1%          3
e - Manifold Assault      Tloc           91%        N/A       1%          4
f - Lee's Rapid Deconstr  Erth           33%        3d17*     10%         5
g - Passage of Golubria   Tloc           91%        N/A       1%          4
h - Apportation           Tloc           100%       N/A       1%          1
i - Gell's Gravitas       Tloc           91%        N/A       1%          3

Your spell library contained the following spells:

 Spells                   Type           Power      Damage    Failure   Level
 Portal Projectile        Hex/Tloc       100%       N/A       1%          3
 Volatile Blastmotes      Fire/Tloc      100%       2d18      1%          3
 Beastly Appendage        Tmut           56%        N/A       4%          1
 Foxfire                  Conj/Fire      100%       2x1d9     4%          1
 Kiss of Death            Conj/Necr      100%       2d13      4%          1
 Ensorcelled Hibernation  Hex/Ice        56%        N/A       7%          2
 Scorch                   Fire           56%        2d7       7%          2
 Sublimation of Blood     Necr           28%        N/A       7%          2
 Wereblood                Tmut           28%        N/A       7%          2
 Animate Armour           Summ/Erth      100%       N/A       13%         4
 Leda's Liquefaction      Hex/Erth       26%        N/A       13%         4
 Petrify                  Tmut/Erth      52%        N/A       13%         4
 Confusing Touch          Hex            28%        N/A       14%         3
 Hailstorm                Conj/Ice       28%        3d8       14%         3
 Ozocubu's Armour         Ice            28%        N/A       14%         3
 Spider Form              Tmut/Pois      28%        N/A       14%         3
 Tukima's Dance           Hex            28%        N/A       14%         3
 Borgnjor's Vile Clutch   Necr/Erth      26%        N/A       34%         5
 Anguish                  Hex/Necr       14%        N/A       43%         4
 Dispel Undead            Necr           28%        3d13      43%         4
 Flame Wave               Conj/Fire      28%        2d9       43%         4
 Ice Form                 Ice/Tmut       28%        N/A       43%         4
 Blade Hands              Tmut           14%        N/A       78%         5
 Fireball                 Conj/Fire      14%        3d8       78%         5
 Irradiate                Conj/Tmut      14%        3d16      78%         5
 Disjunction              Tloc           45%        N/A       83%         8
 Iron Shot                Conj/Erth      26%        9d6       89%         6
 Statue Form              Tmut/Erth      34%        N/A       89%         6
 Plasma Beam              Fire/Air       23%        2x1d39    95%         6
 Simulacrum               Ice/Necr       14%        N/A       100%        6
 Starburst                Conj/Fire      14%        6d6       100%        6
 Summon Cactus Giant      Summ           14%        N/A       100%        6
 Ozocubu's Refrigeration  Ice            14%        4d10      100%        7
 Fire Storm               Conj/Fire      14%        8d4       100%        9


Dungeon Overview and Level Annotations

Branches:
Dungeon (1/1)

Altars:
Ashenzari
Cheibriados
Dithmenos
Elyvilon
Fedhas
Gozag
Hepliaklqana
Kikubaaqudgha
Makhleb
Nemelex Xobeh
Okawaru
Qazlal
Ru
Sif Muna
Trog
Uskayaw
Vehumet
Wu Jian
Xom
Yredelemnul
Zin
The Shining One
Jiyva
Lugonu


Innate Abilities, Weirdness & Mutations

Your serpentine skin is tough. (AC +5)
You have supernaturally acute eyesight. (SInv)
Armour fits poorly on your strangely shaped body.
Your system is resistant to poisons. (rPois)
You cover ground very slowly.
You can spit poison.
You can use your snake-like lower body to constrict enemies.


Message History

The fire dragon breathes flames at you. The blast of flame hits you!
* * * LOW HITPOINT WARNING * * *
Training target 15.0 for Spellcasting reached!
Your Spellcasting skill increases to level 15!
Your Earth Magic skill increases to level 6!
Unknown command.
Unknown command.
You slice the alligator snapping turtle!!
You kill the alligator snapping turtle!
Cheibriados thoroughly appreciates the change of pace.
You feel sick.
Your Shields skill increases to level 11!
Your Translocations skill increases to level 13!
Unknown command.
Unknown command.
Activating: Slouch (0% risk of failure)
Press: ? - help, Dir - look around, f - activate You can feel time thicken for a moment.
You kill the fire dragon!
Cheibriados thoroughly appreciates the change of pace.
Cheibriados raises the support of your attributes as your movement slows.
Cheibriados lowers the support of your attributes as your movement quickens.
You feel sick.
Unknown command.
Unknown command.
You feel much better.
You feel sick.
You block the alligator snapping turtle's attack.
Unknown command.
You feel very sick.
You block the alligator snapping turtle's attack.
The alligator snapping turtle bites you!!
* * * LOW HITPOINT WARNING * * *
Things that are here:
a +2 short sword of venom; a redback corpse Unknown command.
Unknown command.
You feel much better.
You feel sick.
The alligator snapping turtle bites you!!!
You die...

..... ..# ..... #..# #..). #..#
.... #..# .###..###..#
...........# #......)†..#
......t@.†.#
.###.[###.†######++##### #...
#..##..........# #..
#..##..........# ...
#..''..#....#..# ..
#..''..........# #
#####..........#
######################..#....#..#
....................''..........#


You could see an alligator snapping turtle.

Vanquished Creatures
  2 bone dragons (D)
  3 liches (D)
  A deep elf blademaster (D)
  A titan (D)
  A death cob (D)
  3 sphinxes (D)
  A daeva (D)
  A frost giant (D)
  A nagaraja (D)
  2 draconian monks (D)
  2 orc warlords (D)
  Louise (D)
  A draconian shifter (D)
  An ophan (D)
  A green draconian (D)
  A black draconian (D)
  2 purple draconians (D)
  2 red draconians (D)
  A deep elf annihilator (D)
  A fire dragon (D)
  A mummy priest (D)
  2 deep elf death magi (D)
  Josephine (D)
  A yaktaur captain (D)
  2 ice dragons (D)
  4 vault guards (D)
  An ogre mage (D)
  An alligator snapping turtle (D)
  4 hell hogs (D)
  2 vampire magi (D)
  A death yak (D)
  5 deep elf knights (D)
  A sea snake (D)
  A spriggan druid (D)
  12 orc knights (D)
  2 lindwurms (D)
  A wizard (D)
  2 deep elf zephyrmancers (D)
  8 harpies (D)
  2 deep elf pyromancers (D)
  5 elephants (D)
  2 black mambas (D)
  A naga mage (D)
  A demonic crawler (D)
  An orange demon (D)
  A smoke demon (D)
  A gargoyle (D)
  A molten gargoyle (D)
  2 unseen horrors (D)
  A cane toad (D)
  4 kobold demonologists (D)
  A rime drake (D)
  2 yaktaurs (D)
  A guardian mummy (D)
  2 efreet (D)
  An ice devil (D)
  2 red devils (D)
  2 wandering mushrooms (D)
  A polar bear (D)
  11 blink frogs (D)
  13 dream sheep (D)
  A spriggan (D)
  A water elemental (D)
  A flying skull (D)
  5 wraiths (D)
  A wyvern (D)
  5 yaks (D)
  Eustachio (D)
  5 redbacks (D)
  2 fire elementals (D)
  A warg (D)
  Duvessa (D)
  4 hell hounds (D)
  A floating eye (D)
  2 orc warriors (D)
  A black bear (D)
  An ice beast (D)
  An ogre (D)
  2 centaurs (D)
  A phantom (D)
  2 kobold brigands (D)
  3 earth elementals (D)
  A necrophage (D)
  2 scorpions (D)
  A crimson imp (D)
  A quasit (D)
  2 gnoll boudas (D)
  Ijyb (D)
  2 orc wizards (D)
  A mummy (D)
  5 gnolls (D)
  An adder (D)
  2 river rats (D)
  An adder zombie (D)
  9 orcs (D)
  A ball python (D)
  A bat skeleton (D)
  A goblin (D)
  A hobgoblin (D)
  7 jackals (D)
  9 kobolds (D)
  A ball python simulacrum (D)
  A frilled lizard (D)
  A jackal skeleton (D)
  2 quokka zombies (D)
235 creatures vanquished.

Notes
Turn   | Place    | Note
-------+----------+-------------------------------------------
     0 | D        | Groucho the Naga Warper began the quest for the Orb.
     0 | D        | Reached XP level 1. HP: 19/19 MP: 3/3
    16 | D        | Reached skill level 1 in Armour
   403 | D        | Found a bloodstained altar of Trog.
   403 | D        | Found a shimmering blue altar of Sif Muna.
   403 | D        | Found a viscous altar of Jiyva.
   403 | D        | Found a hazy altar of Hepliaklqana.
   403 | D        | Found an opulent altar of Gozag.
   404 | D        | Found a glowing golden altar of the Shining One.
   404 | D        | Found a glowing silver altar of Zin.
   404 | D        | Found a basalt altar of Yredelemnul.
   404 | D        | Found a shimmering altar of Xom.
   404 | D        | Found an ornate altar of the Wu Jian Council.
   404 | D        | Found a sacrificial altar of Ru.
   404 | D        | Found a stormy altar of Qazlal.
   404 | D        | Found an iron altar of Okawaru.
   404 | D        | Found a sparkling altar of Nemelex Xobeh.
   404 | D        | Found a burning altar of Makhleb.
   404 | D        | Found a blossoming altar of Fedhas.
   404 | D        | Found a white marble altar of Elyvilon.
   404 | D        | Found a shadowy altar of Dithmenos.
   404 | D        | Found a snail-covered altar of Cheibriados.
   405 | D        | Found a radiant altar of Vehumet.
   405 | D        | Found a corrupted altar of Lugonu.
   406 | D        | Found a hide-covered altar of Uskayaw.
   406 | D        | Found an ancient bone altar of Kikubaaqudgha.
   406 | D        | Found a broken altar of Ashenzari.
   414 | D        | Became a worshipper of Cheibriados the Contemplative
   435 | D        | Reached * piety under Cheibriados
   730 | D        | Noticed a scorpion
   740 | D        | Killed a scorpion
   741 | D        | Reached XP level 2. HP: 10/26 MP: 3/6
   741 | D        | Reached XP level 3. HP: 12/32 MP: 4/8
   741 | D        | Reached XP level 4. HP: 15/39 MP: 4/9
   741 | D        | Reached ** piety under Cheibriados
  1124 | D        | Reached *** piety under Cheibriados
  1132 | D        | Reached **** piety under Cheibriados
  1167 | D        | Learned a level 2 spell: Blink
  1276 | D        | Noticed a centaur
  1280 | D        | Noticed a necrophage
  1285 | D        | Killed a centaur
  1285 | D        | Reached ***** piety under Cheibriados
  1286 | D        | Reached skill level 3 in Axes
  1286 | D        | Reached XP level 5. HP: 47/49 MP: 6/12
  1289 | D        | Reached skill level 10 in Invocations
  1289 | D        | Reached skill level 4 in Axes
  1289 | D        | Reached skill level 5 in Axes
  1291 | D        | Noticed Ijyb
  1307 | D        | Killed Ijyb
  1308 | D        | Reached skill level 6 in Axes
  1308 | D        | Reached XP level 6. HP: 20/56 MP: 5/13
  1806 | D        | Noticed Duvessa
  1816 | D        | Killed Duvessa
  1817 | D        | Reached skill level 8 in Axes
  2277 | D        | Reached skill level 9 in Axes
  2278 | D        | Noticed a flying skull
  2279 | D        | Killed a flying skull
  2280 | D        | Reached skill level 10 in Axes
  2280 | D        | Reached skill level 5 in Armour
  2280 | D        | Reached XP level 7. HP: 49/64 MP: 3/14
  2280 | D        | Noticed a kobold demonologist
  2280 | D        | Noticed a kobold demonologist
  2281 | D        | Noticed an orange demon
  2283 | D        | Killed a kobold demonologist
  2283 | D        | Killed a kobold demonologist
  2284 | D        | Reached skill level 5 in Dodging
  2284 | D        | Reached XP level 8. HP: 56/72 MP: 5/18
  2406 | D        | Noticed a blink frog
  2406 | D        | Noticed a blink frog
  2406 | D        | Noticed a blink frog
  2407 | D        | Killed a blink frog
  2407 | D        | Killed a blink frog
  2407 | D        | Reached ****** piety under Cheibriados
  2407 | D        | Killed a blink frog
  2408 | D        | Reached skill level 5 in Fighting
  2408 | D        | Reached XP level 9. HP: 81/81 MP: 13/19
  2415 | D        | Noticed an unseen horror
  2423 | D        | Killed an unseen horror
  2425 | D        | Noticed a black mamba
  2425 | D        | Noticed a rime drake
  2425 | D        | Noticed a lindwurm
  2426 | D        | Killed a black mamba
  2426 | D        | Killed a rime drake
  2427 | D        | Reached skill level 11 in Axes
  2427 | D        | Reached skill level 5 in Spellcasting
  2431 | D        | Killed a lindwurm
  2462 | D        | Noticed an unseen horror
  2464 | D        | Reached XP level 10. HP: 94/94 MP: 14/20
  2470 | D        | Noticed Eustachio
  2470 | D        | Noticed a lindwurm
  2471 | D        | Killed Eustachio
  2475 | D        | Killed a lindwurm
  2569 | D        | Killed an unseen horror
  2570 | D        | Reached skill level 12 in Axes
  2571 | D        | Noticed a deep elf pyromancer
  2574 | D        | Noticed a kobold demonologist
  2575 | D        | Killed a deep elf pyromancer
  2578 | D        | Killed a kobold demonologist
  2583 | D        | Noticed a harpy
  2583 | D        | Noticed a harpy
  2585 | D        | Noticed a harpy
  2587 | D        | Killed a harpy
  2589 | D        | Noticed a kobold demonologist
  2591 | D        | Killed a harpy
  2591 | D        | Killed a harpy
  2592 | D        | Reached XP level 11. HP: 37/106 MP: 16/23
  2598 | D        | Reached skill level 13 in Axes
  2603 | D        | Noticed a death yak
  2608 | D        | Reached skill level 10 in Fighting
  2617 | D        | Noticed a harpy
  2617 | D        | Noticed a harpy
  2625 | D        | Killed a death yak
  2634 | D        | Killed a harpy
  2640 | D        | Killed a harpy
  2645 | D        | Reached skill level 14 in Axes
  2750 | D        | Noticed Josephine
  2754 | D        | Killed Josephine
  2755 | D        | Reached skill level 10 in Armour
  2755 | D        | Reached skill level 10 in Dodging
  2908 | D        | Reached skill level 10 in Spellcasting
  2908 | D        | Noticed a sea snake
  2926 | D        | Reached XP level 12. HP: 95/120 MP: 15/26
  3362 | D        | Reached skill level 5 in Translocations
  3503 | D        | Learned a level 2 spell: Lesser Beckoning
  3507 | D        | Learned a level 3 spell: Teleport Other
  3511 | D        | Learned a level 3 spell: Vhi's Electric Charge
  3516 | D        | Learned a level 4 spell: Manifold Assault
  3999 | D        | Reached skill level 15 in Axes
  4383 | D        | Noticed a daeva
  4389 | D        | Killed a daeva
  4390 | D        | Reached skill level 1 in Ranged Weapons
  4390 | D        | Reached skill level 1 in Air Magic
  5411 | D        | Noticed a vault guard
  5412 | D        | Noticed an orc warlord
  5414 | D        | Noticed an orc warlord
  5418 | D        | Killed a vault guard
  5419 | D        | Gained mutation: You can use your snake-like lower body to
                  | constrict enemies. [Naga growth]
  5419 | D        | Reached XP level 13. HP: 17/133 MP: 12/28
  5422 | D        | Killed an orc warlord
  5422 | D        | Killed an orc warlord
  5423 | D        | Reached skill level 5 in Air Magic
  5539 | D        | Noticed a bone dragon
  5560 | D        | Killed a bone dragon
  5561 | D        | Reached skill level 16 in Axes
  5561 | D        | Reached skill level 5 in Ranged Weapons
  5590 | D        | Noticed a yaktaur captain
  5596 | D        | Killed a yaktaur captain
  5597 | D        | Noticed a vault guard
  5603 | D        | Killed a vault guard
  6057 | D        | Noticed a vault guard
  6064 | D        | Killed a vault guard
  6513 | D        | Noticed a bone dragon
  6527 | D        | HP: 3/136 [bone dragon (11)]
  6528 | D        | Killed a bone dragon
  7253 | D        | Noticed a lich
  7253 | D        | Noticed a titan
  7256 | D        | Reached skill level 10 in Translocations
  7257 | D        | Killed a lich
  7258 | D        | Reached XP level 14. HP: 113/145 MP: 10/31
  7260 | D        | Killed a titan
  7267 | D        | Got the ring "Yneemarame" {Fire *Slow rCorr Int+5}
  7270 | D        | Got the ring "Atsilun" {rF- rC+ Str+4}
  7286 | D        | Got the ring of the Prince of Darkness {Fire Int+3 Dex+2}
  7388 | D        | Identified the +6 chain mail of Beogh's Brutal Revenge {rC+
                  | Str+3 SInv}
  7391 | D        | Reached skill level 17 in Axes
  7392 | D        | Reached skill level 15 in Fighting
  7392 | D        | Reached skill level 5 in Shields
  7392 | D        | Noticed a death cob
  7393 | D        | Killed a death cob
  7640 | D        | Got the ring of Tempters {Fly Dex+2 Slay+3}
  7731 | D        | Noticed a purple draconian
  7731 | D        | Noticed a frost giant
  7739 | D        | Killed a purple draconian
  7792 | D        | Noticed a purple draconian
  7798 | D        | Killed a frost giant
  7801 | D        | Killed a purple draconian
  7810 | D        | Noticed a sphinx
  7838 | D        | Noticed a green draconian
  7845 | D        | Killed a green draconian
  7848 | D        | Killed a sphinx
  7849 | D        | Reached skill level 1 in Earth Magic
  8320 | D        | Noticed a red draconian
  8331 | D        | Noticed a purple draconian shifter
  8378 | D        | Killed a purple draconian shifter
  8467 | D        | Noticed a black draconian
  8474 | D        | Learned a level 5 spell: Lee's Rapid Deconstruction
  8479 | D        | Killed a black draconian
  8486 | D        | Noticed a nagaraja
  8492 | D        | Killed a red draconian
  8493 | D        | Killed a nagaraja
  8857 | D        | Noticed a sphinx
  8857 | D        | Paralysed by a sphinx for 4 turns
  8864 | D        | Killed a sphinx
  8954 | D        | Noticed a green draconian monk
  8960 | D        | Killed a green draconian monk
  9097 | D        | Noticed a lich
  9104 | D        | Killed a lich
  9200 | D        | Noticed a sphinx
  9205 | D        | Killed a sphinx
  9206 | D        | Reached XP level 15. HP: 146/157 MP: 21/33
  9440 | D        | Noticed a lich
  9441 | D        | Noticed a green draconian monk
  9447 | D        | Killed a lich
  9448 | D        | Reached skill level 18 in Axes
  9456 | D        | Killed a green draconian monk
 10024 | D        | Noticed a deep elf blademaster
 10024 | D        | Noticed Louise
 10028 | D        | Killed a deep elf blademaster
 10030 | D        | Killed Louise
 10031 | D        | Reached skill level 10 in Ranged Weapons
 10031 | D        | Reached skill level 5 in Earth Magic
 10042 | D        | Reached skill level 10 in Shields
 10059 | D        | Got Easy Thaumaturgy
 10061 | D        | Got the Codex of the Arsonist
 10074 | D        | Got the Directory of Nonlocality
 10083 | D        | Got the Writings on Sandy Jinxing
 10096 | D        | Learned a level 4 spell: Passage of Golubria
 10098 | D        | Learned a level 1 spell: Apportation
 10102 | D        | Learned a level 3 spell: Gell's Gravitas
 10114 | D        | Got the ring of Disaster {rPois EV+6}
 10116 | D        | Got the ring of Idealism {rC+ EV+6}
 10118 | D        | Got the ring "Mioduvokk" {+Blink AC+6 Dex+4}
 10120 | D        | Got the ring of Pusocuc {rPois rN+}
 10122 | D        | Got the ring of Mysoko {rF+ Dex+4}
 10124 | D        | Got the ring of Reschysmu {+Blink rElec rN+ Str-4 Int+2}
 10127 | D        | Got the ring of Qudyb {rPois Int+4 Stlth+}
 10130 | D        | Got the ring "Roch" {+Blink rC+ Int-3 Dex+9}
 10133 | D        | Got the ring of Fonkaronk {*Slow rPois Will+ rCorr Stlth+}
 10136 | D        | Got the ring "Vonaagam" {rC++ rN+}
 10138 | D        | Got the ring "Puath" {Wiz Int+3}
 10141 | D        | Got the ring "Qiushryro" {rF- Int+3 Dex+7 SInv}
 10144 | D        | Got the ring "Jufeleqa" {rPois rF+ Will+}
 10147 | D        | Got the ring "Ofeoclyv" {rElec rPois Str-2 Int+4 Dex+7}
 10160 | D        | Got the amulet "Yguliap" {Spirit Regen+ Str+3 Int+8 Slay-2}
 10163 | D        | Got the amulet "Komm" {RegenMP Contam Harm MP+9 Int-3}
 10166 | D        | Got the ring "Ofipuch" {Drain rPois rF+ rC+ Slay+5}
 10168 | D        | Got the ring of Gluttony {*Corrode rC+ Will++ MP+9 Dex+3}
 10172 | D        | Got the amulet of Vampiric Thralls {RegenMP rC+ Slay+2}
 10174 | D        | Got the amulet "Beaweamo" {Spirit +Inv Will+ rCorr}
 10177 | D        | Got the amulet "Loic" {*Slow Regen+ Str+6 Dex+3 Slay+2}
 10180 | D        | Got the ring of Enoluddy {rC+++ Int+2 SInv Stlth-}
 10182 | D        | Got the amulet "Oclogoym" {RegenMP Slay+2}
 10184 | D        | Got the ring "Macizat" {Will+ rCorr Str-3 Int+3 Dex+3}
 10198 | D        | Got the ring of Foank {rN+ Dex+2}
 10200 | D        | Got the ring of the Lily {Str+6 Slay+5}
 10202 | D        | Got the ring of Ottaloar {Ice Dex+3}
 10451 | D        | Reached skill level 15 in Spellcasting
 10455 | D        | Slain by an alligator snapping turtle

Illustrated notes

Levels and vault maps discovered:
D:        pitsprint [storerooms_1, entrance_room_1, metal_vault_7, armoury_2,
          mini_pit_1, grid_room_1, main_hall_1, silver_pit, the_coven_1,
          the_vestibule_1, steel_vault_5, golden_pit, hallway_of_sentries,
          crystal_vault_4, iron_vault_4, final_vault]

Skill      XL: |  1  2  3  4  5  6  7  8  9 10 11 12 13 14 15 |
---------------+----------------------------------------------+-----
Armour         | 1 3 5 7 8 10 11 12 13 14 | 14.5
Invocations    | 7 9 10 13 14 | 14.0
Dodging        | 2 3 5 7 8 10 11 12 13 14 | 14.5
Fighting       | 3 4 5 7 9 11 13 14 16 | 16.6
Axes           | 3 6 10 11 12 14 15 16 17 18 | 18.0
Spellcasting   | 3 6 8 10 11 13 14 15 | 15.0
Translocations | 4 7 10 12 13 | 13.0
Ranged Weapons | 4 7 9 10 | 10.5
Air Magic      | 4 5 |  5.0
Shields        | 2 9 11 | 11.1
Earth Magic    | 4 6 |  6.4
Throwing       | |  0.8

Action                     |  1- 3 |  4- 6 |  7- 9 | 10-12 | 13-15 || total
---------------------------+-------+-------+-------+-------+-------++-------
  Melee: Hand axe          |    16 |    37 |       |       |       ||    53
         War axe           |       |       |     9 |   162 |   169 ||   340
         Punch             |       |       |       |     2 |       ||     2
         Constrict         |       |       |       |       |    26 ||    26
  Throw: Boomerang         |       |       |       |       |     3 ||     3
   Cast: Vhi's Electric Ch |       |       |       |     1 |     3 ||     4
         Manifold Assault  |       |       |       |     1 |    20 ||    21
 Invoke: Slouch            |       |     6 |     5 |    30 |    62 ||   103
  Evoke: Wand              |       |       |     2 |       |       ||     2
    Use: Potion            |     3 |     2 |     1 |     6 |     8 ||    20
         Scroll            |       |     1 |       |       |     1 ||     2
   Stab: Sleeping          |       |     1 |       |       |       ||     1
 Armour: Leather armour    |     2 |    12 |       |       |       ||    14
         Scale mail        |       |       |     4 |    75 |    24 ||   103
         Swamp dragon scal |       |       |       |       |    35 ||    35
  Dodge: Dodged            |     5 |    28 |    12 |   157 |    83 ||   285
  Block: Tower shield      |       |       |       |    59 |   120 ||   179
